 Dungeon Crawl Stone Soup version 0.29-a0-541-gaf1fc19f1b (webtiles) character file.

Game seed: 3890809255687105586

237 grumblor the Ducker (level 5, 0/26 HPs)
             Began as a Spriggan Gladiator on June 3, 2022.
             Slain by Dowan
             ... wielding a +0 dagger
              (6 damage)
             ... on level 4 of the Dungeon.
             The game lasted 00:04:52 (3921 turns).

grumblor the Ducker (Spriggan Gladiator)            Turns: 3921, Time: 00:04:53

Health: 0/26       AC:  3    Str: 10    XL:     5   Next: 77%
Magic:  5/8        EV: 22    Int:  9    God:
Gold:   112        SH:  0    Dex: 19    Spells: 7/7 levels left

rFire   . . .      SeeInvis +   a - +1 long sword (venom)
rCold   . . .      Faith    .   (no shield)
rNeg    . . .      Spirit   .   b - +0 robe
rPois   .          Reflect  .   c - +0 hat
rElec   .          Harm     .   i - +0 cloak
rCorr   .          Rampage  .   (gloves unavailable)
Will    .....                   (boots unavailable)
Stlth   ++........              (no amulet)
HPRegen 0.08/turn               (no ring)
MPRegen 0.11/turn               (no ring)

@: very quick
A: very small, no large weapons, unfitting armour, see invisible, speed 3
a: no special abilities


You were on level 4 of the Dungeon.
You visited 1 branch of the dungeon, and saw 4 of its levels.

You collected 112 gold pieces.

Inventory:

Hand Weapons
 a - a +1 long sword of venom (weapon)
 s - a +0 scimitar
Missiles
 e - 2 boomerangs (quivered)
 k - 6 poisoned darts
Armour
 b - a +0 robe (worn)
 c - a +0 hat (worn)
 i - a +0 cloak (worn)
Jewellery
 n - a ring of fire
 o - a ring of resist corrosion
Scrolls
 j - 3 scrolls of teleportation
 m - 2 scrolls of fog
 q - 2 scrolls of identify
Potions
 f - 3 potions of curing
 g - a potion of brilliance
 h - a potion of flight
 l - 2 potions of might
 p - a potion of magic
 r - a potion of invisibility


   Skills:
 + Level 2.3 Fighting
 + Level 3.1 Long Blades
 - Level 2.0 Throwing
 + Level 7.1 Dodging
 + Level 1.1 Stealth
 * Level 1.5 Spellcasting


You had 7 spell levels left.
You didn't know any spells.
Your spell library contained the following spells:

 Spells                   Type           Power      Damage    Failure   Level
 Scorch                   Fire           0%         2d5       47%         2
 Ozocubu's Armour         Ice            0%         N/A       71%         3
 Flame Wave               Conj/Fire      0%         2d4       98%         4
 Summon Ice Beast         Ice/Summ       0%         N/A       98%         4
 Summon Mana Viper        Hex/Summ       0%         N/A       100%        5
 Summon Cactus Giant      Summ           0%         N/A       100%        6
 Monstrous Menagerie      Summ           0%         N/A       100%        7
 Ozocubu's Refrigeration  Ice            0%         4d5       100%        7


Dungeon Overview and Level Annotations

Branches:
Dungeon (4/15)
 Temple: D:4-7

Altars:
Okawaru

Annotations:
D:4 Dowan


Innate Abilities, Weirdness & Mutations

You are very small and have problems with some larger weapons.
You are too small for most types of armour.
You have supernaturally acute eyesight. (SInv)
You cover ground extremely quickly. (Speed+++)


Message History

Dowan casts a spell.
Dowan blinks!
You hit Duvessa but do no damage.
Duvessa looks as sick as possible!
Duvessa is heavily wounded.
Duvessa hits you with a +0 rapier.
Throw: 2 boomerangs
Press: ? - help, Q - select action, (/) - cycle Shift-Dir - straight line, f/p - Duvessa
Aim: Duvessa, wielding a +0 rapier and wearing a +0 chain mail (severely wounded, extremely poisoned, 73% to hit)
You throw a boomerang. The boomerang hits Duvessa.
Duvessa is severely wounded.
You kill Duvessa!
You hear a distant wail of despair.
Your Long Blades skill increases to level 3!
Your Dodging skill increases to level 7!
Your Stealth skill increases to level 1!
Your Spellcasting skill increases to level 1!
You have reached level 5!
You feel agile.
Dowan seems to find hidden reserves of power!
Things that are here:
a +0 rapier; a +0 chain mail; the elf corpse of Duvessa
Okay, then.
Throw: throwing net
Press: ? - help, Q - select action, (/) - cycle Shift-Dir - straight line, f - Dowan
Aim: Dowan, wielding a +0 dagger and wearing a +0 robe (fast, 53% to hit)
You throw a throwing net. The throwing net barely misses Dowan.
You hit Dowan but do no damage.
Dowan is poisoned.
Dowan casts a spell at you. The shard of ice misses you.
Dowan closely misses you.
You hit Dowan but do no damage.
Dowan looks even sicker.
Dowan hits you with a +0 dagger. x2
* * * LOW HITPOINT WARNING * * *
Unknown command.
You closely miss Dowan. Dowan closely misses you. Dowan casts a spell at you.
The shard of ice misses you.
You hit Dowan.
Dowan is lightly wounded.
Dowan hits you with a +0 dagger.
You die...

.........#
#........!#
.........###
#..ยง......#
.#..##.....
####e......##
.........##
#.(.......##
###..#....#
#.#######.#
........#.## #.# ..#
.......##..# #(# #.#
!......###.# ####e#
..
...........###..@.#
.......##..##..##.##
.......##..........#
.......##...######.#
.......###..# .#
[<.....# #..+ .#
.......# ##.+ .#
.####... ..# .#
.####### ..#


You could see Dowan (fast, very poisoned).

Vanquished Creatures
  Duvessa (D:4)
  A jelly (D:3)
  2 adders
  3 dart slugs
  4 orcs (D:3)
  6 bats
  5 endoplasms
  4 goblins
  11 hobgoblins
  11 jackals
  4 kobolds (D:1)
  2 quokkas
  5 ball pythons
  3 frilled lizards (D:1)
  4 rats
66 creatures vanquished.

Notes
Turn   | Place    | Note
-------+----------+-------------------------------------------
     0 | D:1      | grumblor the Spriggan Gladiator began the quest for the
                  | Orb.
     0 | D:1      | Reached XP level 1. HP: 10/10 MP: 2/2
   347 | D:1      | Reached XP level 2. HP: 14/14 MP: 3/3
   443 | D:1      | Reached skill level 5 in Dodging
   726 | D:1      | Noticed a great orb of eyes
   733 | D:1      | Found a faded altar of an unknown god.
   735 | D:1      | Noticed a great orb of eyes
   735 | D:1      | Noticed a golden eye
   735 | D:1      | Noticed a golden eye
   927 | D:1      | Reached XP level 3. HP: 18/18 MP: 4/4
  1563 | D:2      | Reached skill level 6 in Dodging
  2783 | D:2      | Reached XP level 4. HP: 23/23 MP: 5/5
  3594 | D:3      | Found an iron altar of Okawaru.
  3883 | D:4      | Noticed Duvessa
  3885 | D:4      | Noticed Dowan
  3914 | D:4      | Killed Duvessa
  3915 | D:4      | Reached skill level 7 in Dodging
  3915 | D:4      | Reached skill level 1 in Stealth
  3915 | D:4      | Reached skill level 1 in Spellcasting
  3915 | D:4      | Reached XP level 5. HP: 14/26 MP: 5/8
  3921 | D:4      | Slain by Dowan

Illustrated notes

Levels and vault maps discovered:
D:1:      matt_arrival_spirals, layout_loops_ring,
          hellmonk_ecumenical_altar_watching_god
D:2:      cheibrodos_helix_gallery, layout_basic
D:3:      layout_loops_ring, old_standard_altar, minmay_crystal_water
D:4:      layout_rooms, mainiacjoe_overflow_24_doors, general_overflow_altar,
          lemuel_coloured_pillars_altar,
          grunt_temple_overflow_champion_of_chaos, dk_noncrumbling_4,
          uniq_crazy_yiuf_cottage, uniq_blork_the_orc, uniq_duvessa

Skill      XL: |  1  2  3  4 |
---------------+-------------+-----
Dodging        | 5 6 7 |  7.1
Fighting       | 2 |  2.3
Long Blades    | 3 |  3.1
Stealth        | 1 |  1.1
Spellcasting   | 1 |  1.5
Throwing       | |  2.0

Action                   |  1- 3 |  4- 6 || total
-------------------------+-------+-------++-------
Melee: Long sword        |   143 |    41 ||   184
Throw: Throwing net      |       |     3 ||     3
       Boomerang         |       |     1 ||     1
  Use: Scroll            |     7 |     7 ||    14
 Stab: Sleeping          |     3 |     2 ||     5
Armor: Robe              |    21 |     2 ||    23
Dodge: Dodged            |   206 |    28 ||   234

Table legend: (Time is in decaauts)
 A = Elapsed time spent in this place.
 B = Non-inter-level travel time spent in this place.
 C = Inter-level travel time spent in this place.
 D = Time resting spent in this place.
 E = Time spent auto-exploring this place.
 F = Levels seen in this place.
 G = Mean time per level.
                   A        B        C        D        E       F      G
               +--------+--------+--------+--------+--------+-----+--------+
         Total |   3232 |   3194 |     38 |    733 |   1963 |   4 |  808.0 |
       Dungeon |   3232 |   3194 |     38 |    733 |   1963 |   4 |  808.0 |
               +--------+--------+--------+--------+--------+-----+--------+

Top non-repeatable levels by time:
     D:1: 1931 daAuts
     D:3: 687 daAuts
     D:2: 534 daAuts
     D:4: 79 daAuts
